 Dungeon Crawl Stone Soup version 0.26.1-11-gd32895ea62 (webtiles) character file.

Game seed: 13650121847452995752

459 jlumianski the Caller (level 6, -7/25 HPs)
             Began as a Felid Summoner on May 27, 2021.
             Was a Believer of Sif Muna.
             Shot with an arrow by a centaur (14 damage)
             ... on level 5 of the Dungeon.
             The game lasted 00:40:23 (7609 turns).

jlumianski the Caller (Felid Summoner)              Turns: 7609, Time: 00:40:24

Health: -7/25      AC:  2    Str:  4    XL:     6   Next: 78%
Magic:  23/23      EV: 19    Int: 18    God:    Sif Muna [**....]
Gold:   255        SH:  0    Dex: 17    Spells: 5/14 levels left
                                        Lives:  0   Deaths: 1

rFire    . . .     SeeInvis +     - Unarmed
rCold    . . .     Faith    .   (shield unavailable)
rNeg     + . .     Spirit   .   (armour unavailable)
rPois    .         Reflect  .   (helmet unavailable)
rElec    .         Harm     .   (cloak unavailable)
rCorr    .         Rampage  .   (gloves unavailable)
Will     .....                  (boots unavailable)
Stlth    +++.......             (no amulet)
HPRegen  0.08/turn              a - ring of magical power
MPRegen  0.18/turn              f - ring of positive energy

@: quick
A: very small, no armour, no weapons or thrown items, stealth, claws 1, fangs 3,
see invisible, speed 1, shaggy fur 2, sharp paws
a: Renounce Religion, Channel Magic


You were on level 5 of the Dungeon.
You worshipped Sif Muna.
Sif Muna was pleased with you.
You visited 1 branch of the dungeon, and saw 5 of its levels.

You collected 255 gold pieces.

Inventory:

Jewellery
 a - a ring of magical power (left paw)
 f - a ring of positive energy (right paw)
 l - a cursed -4 ring of intelligence {unknown}
 p - a +6 ring of strength {unknown}
Wands
 g - a wand of paralysis (9)
 o - a wand of polymorph (3)
Scrolls
 i - a scroll of amnesia
 j - 4 scrolls of teleportation
 k - 2 scrolls of magic mapping
 n - a scroll of blinking
Potions
 b - a potion of heal wounds
 c - a potion of attraction
 d - 4 potions of curing
 e - a potion of brilliance
 h - a potion of invisibility


   Skills:
 * Level 0.4 Fighting
 + Level 3.4 Dodging
 * Level 3.7 Stealth
 * Level 1.0 Unarmed Combat
 + Level 4.8 Spellcasting
 + Level 6.4 Summonings
 * Level 0.5 Evocations


You had 5 spell levels left.
You knew the following spells:

 Your Spells              Type           Power        Failure   Level
a - Summon Small Mammal   Summ           100%         1%          1
b - Call Imp              Summ           27%          1%          2
c - Call Canine Familiar  Summ           27%          2%          3
d - Summon Guardian Gole  Hex/Summ       16%          11%         3

Your spell library contained the following spells:

 Spells                   Type           Power        Failure   Level
 Summon Ice Beast         Ice/Summ       16%          34%         4
 Summon Lightning Spire   Summ/Air       16%          34%         4


Dungeon Overview and Level Annotations

Branches:
Dungeon (5/15)
 Temple: D:4-7

Altars:
Sif Muna
Trog

Annotations:
D:5 2 transporters


Innate Abilities, Weirdness & Mutations

You cannot wear armour.
You are incapable of wielding weapons or throwing items.
Your paws allow you to move quietly. (Stealth)
You have sharp claws.
You have razor-sharp teeth.
You have supernaturally acute eyesight. (SInv)
You cover ground quickly.
You are covered in thick fur. (AC +2)
Your sharp claws are effective at attacking unaware monsters.


Message History

The ufetubus dies!
Sif Muna accepts your kill.
You start resting.
Magic restored.
You start resting.
HP restored.
You climb downwards.
Your summoned ally is left behind.
Level annotation: 2 transporters The centaur shouts!
The water moccasin closely misses you.
The centaur wields a +0 shortbow.
The centaur shoots an arrow.
The arrow misses you. The water moccasin bites you!
The centaur shoots an arrow.
The arrow hits you!
There is a stone staircase leading up, spattered with blood here.
You see here an arrow.
The centaur shouts!
The water moccasin bites you.
* * * LOW HITPOINT WARNING * * *
The centaur shoots an arrow.
The arrow hits you!
Ouch! That really hurt!
You die...

#############
#.....).....# .......
#...c.......+ +........
#...........###........
#......................
##......######..........
.
........@................
.
...$....S..######........
#
.###.#.#.#.c.#.<........[
# #.#.#..........8......
# # #.####..#.##.hS5.c..
. ...........+.5...... #
#.####....##........ #
.#####..###........ #
...................


You could see a water moccasin and 2 centaurs.

Vanquished Creatures
  An adder (D:4)
  2 leopard geckos (D:1)
  An orc (D:3)
  A goblin (D:3)
  2 hobgoblins
  A jackal (D:1)
  2 kobolds
  2 bats
  A rat (D:4)
13 creatures vanquished.

Vanquished Creatures (collateral kills)
  Edmund (D:4)
  An orc warrior (D:4)
  A sky beast (D:4)
  An ice beast (D:4)
  A centaur (D:5)
  A centaur zombie (D:5)
  A quasit (D:4)
  2 hounds
  An orc priest (D:5)
  4 orc wizards
  Ijyb (D:4)
  A worker ant (D:4)
  2 iguanas
  Robin (D:4)
  3 adders
  2 oozes
  An ufetubus (D:4)
  3 worms
  5 dart slugs
  3 leopard geckos (D:2)
  16 orcs
  4 giant cockroaches
  16 goblins
  7 hobgoblins
  6 jackals
  2 quokkas
  A ball python (D:1)
  10 bats
  7 frilled lizards
  8 kobolds
  A quokka skeleton (D:5)
  11 rats
125 creatures vanquished.

Vanquished Creatures (others)
  An ice beast (D:5)
  An orc wizard (D:4)
  4 plants (D:2)
6 creatures vanquished.

Grand Total: 144 creatures vanquished

Notes
Turn   | Place    | Note
-------+----------+-------------------------------------------
     0 | D:1      | jlumianski the Felid Summoner began the quest for the Orb.
     0 | D:1      | Reached XP level 1. HP: 7/7 MP: 4/4
   300 | D:1      | Reached XP level 2. HP: 11/11 MP: 0/6
   303 | D:1      | Learned a level 2 spell: Call Imp
  1415 | D:1      | Reached XP level 3. HP: 14/14 MP: 7/7
  1419 | D:1      | Learned a level 3 spell: Call Canine Familiar
  3052 | D:2      | Found a shimmering blue altar of Sif Muna.
  3059 | D:2      | Became a worshipper of Sif Muna the Loreminder
  3680 | D:3      | Reached XP level 4. HP: 12/18 MP: 9/9
  3822 | D:3      | Reached * piety under Sif Muna
  4405 | D:4      | Noticed Ijyb
  4824 | D:4      | Noticed a moth of wrath
  4828 | D:4      | Found a bloodstained altar of Trog.
  4926 | D:4      | Reached XP level 5. HP: 21/21 MP: 11/11
  5017 | D:4      | Killed Ijyb
  5083 | D:4      | Reached skill level 5 in Summonings
  5105 | D:4      | Noticed Edmund
  5164 | D:4      | Killed Edmund
  5250 | D:4      | Noticed Robin
  5266 | D:4      | Reached ** piety under Sif Muna
  5284 | D:4      | Gained mutation: You are covered in thick fur. (AC +2)
                  | [Felid growth]
  5284 | D:4      | Reached XP level 6. HP: 23/24 MP: 13/13
  5289 | D:4      | Killed Robin
  5374 | D:4      | Noticed an orc warrior
  5393 | D:4      | Hit by a stone thrown by an orc warrior
  5394 | D:4      | Reached XP level 5. HP: -4/21 MP: 15/21
  5430 | D:4      | Killed an orc warrior
  5743 | D:5      | Entered Level 5 of the Dungeon
  5757 | D:5      | Noticed an ice beast
  5760 | D:5      | Noticed a sky beast
  5812 | D:4      | Killed an ice beast
  6067 | D:4      | Killed a sky beast
  6068 | D:4      | Reached skill level 6 in Summonings
  6068 | D:4      | Reached XP level 6. HP: 20/24 MP: 4/14
  6444 | D:5      | Learned a level 3 spell: Summon Guardian Golem
  6502 | D:5      | Noticed an ice beast
  6544 | D:5      | Killed an ice beast
  6747 | D:5      | Reached skill level 1 in Unarmed Combat
  6866 | D:5      | Found the +5 sword of Power {vorpal}
  6879 | D:5      | Found a transporter.
  7252 | D:5      | Found a transporter.
  7261 | D:5      | Identified the +8 whip of Yredelemnul's Whim {distort,
                  | Dex+5}
  7264 | D:5      | Noticed a water moccasin
  7609 | D:5      | Shot with an arrow by a centaur

Illustrated notes

Levels and vault maps discovered:
D:1:      minmay_arrival_shoal_huts, layout_loops_ring, minmay_octomino_j4
D:2:      cheibrodos_old_hovel, layout_rooms, led_sif_pool, kennysheep_doodads
D:3:      wad_crossroads, layout_rooms
D:4:      layout_basic, tgw_trog, uniq_ijyb, uniq_robin, uniq_edmund
D:5:      layout_basic, gammafunk_ghost_abyssal_escape, minmay_holes,
          st_stairs_9

Skill      XL: |  1  2  3  4  5  6 |
---------------+-------------------+-----
Stealth        | 3 |  3.7
Spellcasting   | 3 4 |  4.8
Dodging        | 3 |  3.4
Summonings     | 6 |  6.4
Unarmed Combat | 1 |  1.0
Fighting       | |  0.4
Evocations     | |  0.5

Action                   |  1- 3 |  4- 6 || total
-------------------------+-------+-------++-------
Melee: Unarmed           |    47 |    38 ||    85
       Bite              |     1 |     4 ||     5
 Cast: Summon Small Mamm |   112 |    73 ||   185
       Call Imp          |    34 |    65 ||    99
       Call Canine Famil |    16 |    31 ||    47
       Summon Guardian G |       |     3 ||     3
  Use: Scroll            |     8 |     3 ||    11
       Potion            |     1 |     5 ||     6
 Stab: Sleeping          |     5 |     3 ||     8
Armor: Skin              |     8 |     5 ||    13
Dodge: Dodged            |    80 |    79 ||   159
